 Dungeon Crawl Stone Soup version 0.25-a0-265-g7af84ae0ac (webtiles) character file.

Game seed: 7607204078144836486, levelgen mode: classic

97 Borgoz the Slasher (level 4, -6/57 HPs)
             Began as a Hill Orc Gladiator on Dec 7, 2019.
             Mangled by an ogre
             ... wielding a +0 giant spiked club
              (7 damage)
             ... on level 5 of the Dungeon.
             The game lasted 00:02:41 (2282 turns).

Borgoz the Slasher (Hill Orc Gladiator)             Turns: 2282, Time: 00:02:41

Health: -6/57      AC: 22    Str: 17    XL:     4   Next: 68%
Magic:  4/4        EV:  2    Int: 13    God:
Gold:   128        SH:  0    Dex: 12    Spells: 3/3 levels left

rFire    . . .     SeeInvis .   a - +0 long sword
rCold    . . .     Gourm    .   (no shield)
rNeg     + + +     Faith    .   (armour currently unavailable)
rPois    +         Spirit   .   (helmet currently unavailable)
rElec    .         Reflect  .   (cloak currently unavailable)
rCorr    .         Harm     .   (gloves currently unavailable)
MR       .....     NoTele   +   (boots currently unavailable)
Stlth    +.........             s - amulet of magic regeneration
HPRegen  0.19/turn              j - +3 ring of evasion
MPRegen  0.34/turn              (no ring)

@: brilliant, tree-form
A: no striking features
a: no special abilities


You were on level 5 of the Dungeon.
You were hungry.
You were a tree.
You visited 1 branch of the dungeon, and saw 4 of its levels.

You collected 128 gold pieces.

Inventory:

Hand Weapons
 a - a +0 long sword (weapon)
Missiles
 d - 3 throwing nets (quivered)
Armour
 b - a +0 leather armour (melded)
 c - a +0 helmet (melded)
 i - a +0 pair of boots (melded)
Jewellery
 j - a +3 ring of evasion (left branch)
 s - an amulet of magic regeneration (around neck)
Scrolls
 e - 7 scrolls of identify {unknown}
 g - 3 scrolls of teleportation {unknown}
 l - 2 scrolls of remove curse {unknown}
 n - a scroll of magic mapping {unknown}
 o - a scroll of noise {unknown}
 p - a scroll of enchant weapon {unknown}
 q - a scroll of amnesia {unknown}
 r - a scroll of immolation {unknown}
Potions
 h - a potion of heal wounds {unknown}
 k - a potion of brilliance
 m - a potion of degeneration {unknown}
 u - a potion of lignification
 v - a potion of curing
 w - a potion of mutation {unknown}
 x - a potion of agility {unknown}
Comestibles
 f - 7 rations
 t - 4 chunks of flesh


   Skills:
 + Level 3.5 Fighting
 + Level 4.0 Long Blades
 - Level 1.7 Throwing
 + Level 2.1 Armour
 + Level 3.0 Dodging


You had 3 spell levels left.
You didn't know any spells.
Your spell library was empty.

Dungeon Overview and Level Annotations

Branches:
Dungeon (3/15)

Altars:


Message History

The ogre is almost dead.
The adder bites you but does no damage. The ogre completely misses you.
You riposte.
You completely miss the ogre.
The ogre is almost dead.
The adder bites you but does no damage.
You hit the ogre.
The ogre is almost dead.
The adder bites you but does no damage.
The ogre hits you with a +0 giant spiked club!
* * * LOW HITPOINT WARNING * * *
You barely miss the ogre.
The ogre is almost dead.
The adder bites you but does no damage. The ogre hits you but does no damage.
The adder bites you but does no damage.
Unknown command.
You hit the ogre but do no damage.
The ogre is almost dead.
The adder bites you but does no damage.
The ogre hits you with a +0 giant spiked club!
You die...

##........
.........
.........
#.......
#......#
#.....a#
#....SO#
#.....♣#####
#.####.....#
#.....# #.....#
#.....# #.....#
##.....###
#........#
#........####..>


You could see an ogre, a worker ant and an adder.

Vanquished Creatures
  4 adders (D:3)
  3 worms
  A dart slug (D:2)
  4 orcs
  A ball python (D:3)
  2 bats (D:2)
  4 giant cockroaches
  8 goblins
  4 hobgoblins
  A quokka (D:3)
  4 frilled lizards
  6 kobolds
  5 rats
47 creatures vanquished.

Notes
Turn   | Place    | Note
-------+----------+-------------------------------------------
     0 | D:1      | Borgoz the Hill Orc Gladiator began the quest for the Orb.
     0 | D:1      | Reached XP level 1. HP: 18/18 MP: 1/1
   308 | D:1      | Reached XP level 2. HP: 23/25 MP: 2/2
   718 | D:2      | Reached skill level 1 in Armour
   776 | D:2      | Reached XP level 3. HP: 26/31 MP: 3/3
  1910 | D:3      | Reached XP level 4. HP: 38/38 MP: 4/4
  2006 | D:3      | Reached skill level 4 in Long Blades
  2250 | D:3      | You fall into a shaft and drop 2 floors!
  2250 | D:5      | Entered Level 5 of the Dungeon
  2263 | D:5      | Noticed an ogre
  2280 | D:5      | HP: 1/57 [ogre/+0 giant spiked club (11)]
  2282 | D:5      | Mangled by an ogre

Levels and vault maps discovered:
D:1:      psy_arrival_basics, layout_loops_cross, hangedman_decor_points,
          hex_tiny, chequers_serial_rivers_small_3
D:2:      layout_rooms, serial_bayou_pond_c
D:3:      layout_loops_ring, first_ration
D:5:      kennysheep_spiral_hall, layout_basic, minmay_crystal_room

Skill      XL: |  1  2  3  4 |
---------------+-------------+-----
Armour         | 1 2 |  2.1
Fighting       | 3 |  3.5
Long Blades    | 4 |  4.0
Dodging        | 3 |  3.0
Throwing       | |  1.7

Action                   |  1- 3 |  4- 6 || total
-------------------------+-------+-------++-------
Melee: Long sword        |   119 |    25 ||   144
  Use: Potion            |       |     3 ||     3
 Stab: Sleeping          |     1 |       ||     1
  Eat: Chunk             |     3 |     1 ||     4
Armor: Leather armour    |    35 |     7 ||    42
       Skin              |       |    16 ||    16
Dodge: Dodged            |    93 |    19 ||   112
       Rpst.: Long sword |    28 |     6 ||    34

Table legend:
 A = Non-vault XP
 B = Vault XP
 C = Vault XP percentage of total XP
 D = Non-vault monster count
 E = Vault monster count
 F = Vault count percentage of total count
                 A         B        C        D         E       F
            +---------+---------+-------+---------+---------+-------
      Total |     139 |       0 |   0.0 |      47 |       0 |   0.0
            +---------+---------+-------+---------+---------+-------
        D:1 |      14 |       0 |   0.0 |       9 |       0 |   0.0
        D:2 |      46 |       0 |   0.0 |      21 |       0 |   0.0
        D:3 |      79 |       0 |   0.0 |      17 |       0 |   0.0
            +---------+---------+-------+---------+---------+-------
